[Event "December 5 Late 2023"]
[Site "https://www.chess.com"]
[Date "2023.12.05"]
[Round "5"]
[White "Sroczynski, Maciej"]
[Black "Slugin, Sergey"]
[Result "0-1"]
[Board "65"]
[TimeControl "180+1"]
[WhiteFideId "1121472"]
[BlackFideId "4122569"]
[WhiteElo "2466"]
[BlackElo "2711"]
[WhiteTeam "POL"]
[BlackTeam "RUS"]
[WhiteClock "0:00:19"]
[BlackClock "0:00:19"]

1. Nf3 d5 2. d4 Nf6 3. c4 c6 4. Qc2 Bg4 5. Ne5 Bh5 6. Bf4 e6 7. e3 Be7 8. Bd3 O-O 9. O-O Nbd7 10. Nc3 Rc8 11. c5 Bg6 12. Nxg6 hxg6 13. b4 Nh5 14. h3 Nxf4 15. exf4 g5 16. f5 exf5 17. Bxf5 Bf6 18. Rad1 g6 19. Bg4 Bg7 20. Rfe1 f5 21. Be2 Nf6 22. f3 Nh5 23. b5 Qf6 24. a4 Rce8 25. a5 Nf4 26. a6 bxa6 27. bxc6 Qxc6 28. Qa2 Re3 29. Qd2 Rfe8 30. Kf2 Qc7 31. Qxe3 Nxh3+ 32. gxh3 Qh2+ 33. Kf1 Rxe3 34. Nxd5 Rxe2 35. Rxe2 Qh1+ 36. Kf2 Qxd1 37. Ne7+ Kf7 38. d5 Bd4+ 0-1

[Event "December 5 Late 2023"]
[Site "https://www.chess.com"]
[Date "2023.12.05"]
[Round "5"]
[White "Kraiouchkine, Nikita"]
[Black "Schnaider, Ilan"]
[Result "1-0"]
[Board "66"]
[TimeControl "180+1"]
[WhiteFideId "2607140"]
[BlackFideId "169013"]
[WhiteElo "2460"]
[BlackElo "2701"]
[WhiteTeam "CAN"]
[BlackTeam "ARG"]
[WhiteClock "0:00:07"]
[BlackClock "0:00:04"]

1. e4 c5 2. Nf3 d6 3. d4 cxd4 4. Nxd4 Nf6 5. Nc3 a6 6. Bc4 e6 7. O-O Be7 8. Bb3 b5 9. f4 Bb7 10. Bxe6 fxe6 11. Nxe6 Qb6+ 12. Kh1 Bc8 13. Nxg7+ Kf7 14. Nh5 Bg4 15. Nd5 Bxd1 16. Nxb6 Bxh5 17. Nxa8 Nbd7 18. Nc7 Rc8 19. Nxa6 Rxc2 20. Nb4 Re2 21. Nd5 Nxe4 22. Nxe7 Kxe7 23. b3 Ndc5 24. Ba3 Nd3 25. f5 b4 26. Bc1 Kf7 27. Bh6 Nef2+ 28. Kg1 Ng4 29. Bf4 d5 30. a3 bxa3 31. Rxa3 Nxf4 32. Rxf4 Ne3 33. f6 Rxg2+ 34. Kh1 Re2 35. h4 Bg6 36. Ra7+ Kf8 37. f7 Be4+ 38. Kg1 Rg2+ 39. Kh1 Rg4+ 40. Rxe4 Rxe4 41. Kh2 Re7 42. Ra8+ Kxf7 43. Kg3 Nf5+ 44. Kg4 Kg6 45. Ra6+ Kf7 46. Kxf5 Re3 47. Ra7+ Kg8 48. Kf6 Rf3+ 49. Ke6 d4 50. b4 d3 51. Rd7 Re3+ 52. Kf6 Rf3+ 53. Ke5 Rh3 54. b5 Rxh4 55. Kf6 Rf4+ 56. Ke6 Rb4 57. Kf6 Rf4+ 58. Ke6 Kf8 59. Rxd3 Rb4 60. Rd5 Kg7 61. Kd6 Kg6 62. Kc6 Rc4+ 63. Rc5 Rb4 64. b6 h5 65. b7 h4 66. Rb5 Rc4+ 67. Kd5 Rc1 68. b8=Q Rd1+ 69. Ke4 Re1+ 70. Kf3 Rf1+ 71. Kg2 Rf6 72. Qg8+ Kh6 73. Qg5+ Kh7 74. Rb7+ Rf7 75. Rxf7+ Kh8 76. Qg7# 1-0

[Event "December 5 Late 2023"]
[Site "https://www.chess.com"]
[Date "2023.12.05"]
[Round "5"]
[White "Rosen, Eric"]
[Black "Shton, Roman"]
[Result "1-0"]
[Board "67"]
[TimeControl "180+1"]
[WhiteFideId "2032562"]
[BlackFideId "14137461"]
[WhiteElo "2698"]
[BlackElo "2460"]
[WhiteTeam "USA"]
[BlackTeam "UKR"]
[WhiteClock "0:00:13"]
[BlackClock "0:00:05"]

1. e4 Nf6 2. e5 Nd5 3. d4 d6 4. Nf3 g6 5. Be2 Bg7 6. c4 Nb6 7. exd6 cxd6 8. O-O O-O 9. Nbd2 Nc6 10. Ne4 d5 11. cxd5 Nxd5 12. h3 Bf5 13. Ng3 Be6 14. Ng5 Nxd4 15. Nxe6 Nxe6 16. Bf3 Nd4 17. Be4 e6 18. Bd2 Rc8 19. Rc1 Rxc1 20. Qxc1 Qd6 21. Re1 b6 22. a3 Qd7 23. Bh6 Rc8 24. Qg5 Bf6 25. Qd2 Ne7 26. Rd1 Qc7 27. Bb1 Rd8 28. Ne4 Be5 29. Qe1 Nef5 30. Bg5 Rd7 31. Nf6+ Bxf6 32. Bxf6 Qd6 33. Kh1 Qc5 34. Bxf5 gxf5 35. Qd2 e5 36. Qg5+ Kf8 37. Qg7+ Ke8 38. Qxh7 Qf8 39. Bxe5 Ne6 40. Rc1 Rd8 41. Qh5 Qe7 42. Qxf5 Qd7 43. Re1 Qe7 44. Bc3 Qd7 45. Qf6 Qe7 46. Qh8+ Qf8 47. Qe5 Qe7 48. f4 f6 49. Qxe6 Qxe6 50. Rxe6+ Kf7 51. Rxf6+ Ke7 52. Rc6 Rd1+ 53. Kh2 Kd7 54. Rh6 a5 55. f5 Kc7 56. f6 Rf1 57. g4 Kc6 58. Kg2 b5 59. Kxf1 b4 60. axb4 axb4 61. f7+ 1-0

[Event "December 5 Late 2023"]
[Site "https://www.chess.com"]
[Date "2023.12.05"]
[Round "5"]
[White "Wanyama, Harold"]
[Black "Boyer, Mahel"]
[Result "1-0"]
[Board "68"]
[TimeControl "180+1"]
[WhiteFideId "10000380"]
[BlackFideId "45102422"]
[WhiteElo "2459"]
[BlackElo "2679"]
[WhiteTeam "UGA"]
[BlackTeam "FRA"]
[WhiteClock "0:00:30"]
[BlackClock "0:00:00"]

1. d4 d6 2. c4 e5 3. Nf3 e4 4. Nfd2 f5 5. e3 Nf6 6. Nc3 g6 7. Be2 Bg7 8. O-O O-O 9. Rb1 c5 10. Nb3 b6 11. dxc5 dxc5 12. Nb5 Nc6 13. Bd2 Qe7 14. Nc3 Rd8 15. Nd5 Nxd5 16. cxd5 Ne5 17. Bc3 Bb7 18. Nd2 Bxd5 19. Qc2 Bxa2 20. Ra1 Bf7 21. Rfd1 Nd3 22. Nf1 Nb4 23. Qa4 Nd3 24. Qc2 Nb4 25. Qb1 a5 26. Nd2 Rd7 27. Nc4 Rxd1+ 28. Qxd1 Rd8 29. Qf1 Qe6 30. Rd1 Rxd1 31. Qxd1 Bxc3 32. bxc3 Nd3 33. Nd2 Qe5 34. Qc2 c4 35. Nb1 b5 36. Qa2 b4 37. Qa4 bxc3 38. Qc2 Nb4 39. Qxc3 Qxc3 40. Nxc3 Nd5 41. Nb5 c3 42. Na3 Nb4 43. Bd1 1-0

[Event "December 5 Late 2023"]
[Site "https://www.chess.com"]
[Date "2023.12.05"]
[Round "5"]
[White "Agibileg, Uurtsaikh"]
[Black "Rama, Tejas"]
[Result "0-1"]
[Board "69"]
[TimeControl "180+1"]
[WhiteFideId "4901606"]
[BlackFideId "30907381"]
[WhiteElo "2629"]
[BlackElo "2456"]
[WhiteTeam "MGL"]
[BlackTeam "USA"]
[WhiteClock "0:00:55"]
[BlackClock "0:00:13"]

1. d4 Nf6 2. c4 e6 3. Nc3 Bb4 4. a3 Bxc3+ 5. bxc3 c5 6. f3 Nc6 7. e4 d6 8. d5 Na5 9. Bd3 b6 10. h4 Nd7 11. Bf4 Qe7 12. h5 Qf6 13. Ne2 Ba6 14. g4 Bxc4 15. g5 Qe7 16. Bxc4 Nxc4 17. Qd3 Nde5 18. Bxe5 Nxe5 19. Qb5+ Qd7 20. Qxd7+ Kxd7 21. Kf2 exd5 22. exd5 Rae8 23. Nf4 Nc4 24. a4 Re5 25. g6 fxg6 26. hxg6 h6 27. Ne6 Rxd5 28. Nxg7 Rg8 29. Nh5 Rxg6 30. Rh4 Rd2+ 31. Kf1 Ne3+ 32. Ke1 Rgg2 33. Nf4 Nc2+ 34. Kf1 Rdf2# 0-1

[Event "December 5 Late 2023"]
[Site "https://www.chess.com"]
[Date "2023.12.05"]
[Round "5"]
[White "Rios Escobar, Adan"]
[Black "Seemann, Jakub"]
[Result "0-1"]
[Board "70"]
[TimeControl "180+1"]
[WhiteFideId "3403645"]
[BlackFideId "21874697"]
[WhiteElo "2453"]
[BlackElo "2620"]
[WhiteTeam "CHI"]
[BlackTeam "POL"]
[WhiteClock "0:00:00"]
[BlackClock "0:00:32"]

1. d4 Nf6 2. g3 e6 3. c4 Bb4+ 4. Nd2 O-O 5. Bg2 d5 6. Nf3 dxc4 7. a3 Bxd2+ 8. Bxd2 Nc6 9. e3 Rb8 10. Rc1 b5 11. b3 Bb7 12. bxc4 bxc4 13. Rxc4 Ne7 14. Rc1 Ba6 15. Bf1 Bxf1 16. Kxf1 Ne4 17. Bb4 Re8 18. Bxe7 Qxe7 19. Qd3 Nf6 20. Ne5 Qd6 21. Kg2 Rb2 22. Rc5 Reb8 23. Rhc1 R8b7 24. R1c2 R2b3 25. R2c3 Rxc3 26. Qxc3 Ne4 27. Qa1 Nxc5 28. dxc5 Qd5+ 29. Kh3 Qxc5 30. Qd1 Qd5 31. Nd3 Rb3 32. Nb2 Rxb2 33. Qa4 h5 34. Qe8+ Kh7 35. Qxf7 Qf5+ 36. Qxf5+ exf5 0-1

[Event "December 5 Late 2023"]
[Site "https://www.chess.com"]
[Date "2023.12.05"]
[Round "5"]
[White "Miranda, Rafael"]
[Black "Nadeev, Sergey"]
[Result "1/2-1/2"]
[Board "71"]
[TimeControl "180+1"]
[WhiteFideId "130990"]
[BlackFideId "4180038"]
[WhiteElo "2606"]
[BlackElo "2453"]
[WhiteTeam "ARG"]
[BlackTeam "RUS"]
[WhiteClock "0:00:29"]
[BlackClock "0:00:20"]

1. e4 e5 2. Nf3 Nc6 3. Bb5 a6 4. Ba4 Nf6 5. O-O Be7 6. Re1 b5 7. Bb3 O-O 8. h3 Bb7 9. Nc3 d6 10. Nd5 Na5 11. Nxf6+ Bxf6 12. d4 exd4 13. Bd5 c6 14. Bb3 Re8 15. Bf4 Nxb3 16. axb3 c5 17. Qd3 Qc7 18. Nh2 Be5 19. Bxe5 dxe5 20. Qg3 Rac8 21. Ng4 Kh8 22. h4 h5 23. Nh2 Qe7 24. Nf3 g6 25. Ng5 Kg7 26. f4 exf4 27. Qxf4 f6 28. Nf3 Qe6 29. Nd2 Qg4 30. Qd6 Qe6 31. Qf4 Qe5 32. Qf2 c4 33. Nf3 Qc5 34. Nxd4 cxb3 35. c3 Qc4 36. Rf1 Qf7 37. Rfe1 Rcd8 38. Qf4 Qe7 39. Rad1 Qe5 40. Qxe5 fxe5 41. Nxb3 Rxd1 42. Rxd1 Bxe4 43. Nc5 Bf5 44. Kf2 a5 45. Ke3 b4 46. cxb4 axb4 47. Ra1 Rc8 48. Ra7+ Kh6 49. Ra5 e4 50. g3 Kg7 51. Rb5 Kf6 52. Nxe4+ Bxe4 53. Kxe4 Rc4+ 54. Kf3 Rd4 55. Rb6+ Kf5 1/2-1/2

[Event "December 5 Late 2023"]
[Site "https://www.chess.com"]
[Date "2023.12.05"]
[Round "5"]
[White "Dyachuk, Artem"]
[Black "Liu, Casper"]
[Result "1-0"]
[Board "72"]
[TimeControl "180+1"]
[WhiteFideId "34107924"]
[BlackFideId "1454153"]
[WhiteElo "2604"]
[BlackElo "2451"]
[WhiteTeam "UKR"]
[BlackTeam "DEN"]
[WhiteClock "0:01:05"]
[BlackClock "0:00:30"]

1. e4 c5 2. Nf3 d6 3. d4 cxd4 4. Nxd4 Nf6 5. Nc3 Nc6 6. Bg5 Bd7 7. Qd2 Rc8 8. O-O-O Nxd4 9. Qxd4 Qa5 10. Bxf6 gxf6 11. Bc4 Bh6+ 12. Kb1 Bf4 13. Nd5 Be5 14. Qd3 e6 15. Ne3 Qb4 16. c3 Qc5 17. Bb3 Bb5 18. Qd2 a5 19. Ng4 a4 20. Bc2 a3 21. f4 h5 22. Nf2 Bxf4 23. Qxf4 axb2 24. Qxf6 Rg8 25. g3 Rg6 26. Qd4 Qa3 27. Bb3 e5 28. Qd5 1-0

[Event "December 5 Late 2023"]
[Site "https://www.chess.com"]
[Date "2023.12.05"]
[Round "5"]
[White "Bjelobrk, Igor"]
[Black "Topalov, Aleksandar"]
[Result "1-0"]
[Board "73"]
[TimeControl "180+1"]
[WhiteFideId "4300726"]
[BlackFideId "925659"]
[WhiteElo "2582"]
[BlackElo "2450"]
[WhiteTeam "AUS"]
[BlackTeam "SRB"]
[WhiteClock "0:00:26"]
[BlackClock "0:00:00"]

1. d4 Nf6 2. c4 c5 3. d5 d6 4. Nc3 g6 5. g3 Bg7 6. Bg2 O-O 7. Nf3 Na6 8. O-O Nc7 9. a4 Rb8 10. h3 b6 11. e4 a6 12. Re1 b5 13. axb5 axb5 14. e5 Nfe8 15. b3 bxc4 16. bxc4 Rb4 17. Bf1 Ba6 18. Ra4 Qb8 19. Bf4 h6 20. h4 Bc8 21. Qc1 Kh7 22. Ra2 Bg4 23. Nd2 Bf5 24. exd6 exd6 25. Nce4 Rb6 26. Bd3 Qd8 27. Qc2 Bxe4 28. Nxe4 Nf6 29. h5 Nxe4 30. Bxe4 Qf6 31. Ra7 Rb2 32. Qd3 Ne8 33. hxg6+ fxg6 34. Kg2 h5 35. Rh1 Kg8 36. Bxg6 Qd4 37. Qxd4 Bxd4 38. Rxh5 Rxf2+ 39. Kh3 Nf6 40. Rg5 Kh8 41. Bf5 Rg8 42. Rxg8+ Kxg8 43. Be6+ Kh8 44. Bxd6 1-0

[Event "December 5 Late 2023"]
[Site "https://www.chess.com"]
[Date "2023.12.05"]
[Round "5"]
[White "DCacheiro"]
[Black "Espinoza Villanueva, Rodrigo"]
[Result "0-1"]
[Board "74"]
[TimeControl "180+1"]
[BlackFideId "5140188"]
[WhiteElo "2447"]
[BlackElo "2581"]
[BlackTeam "MEX"]
[WhiteClock "0:00:00"]
[BlackClock "0:00:15"]

1. e4 c5 2. Nf3 d6 3. d4 c4 4. Bxc4 e6 5. O-O Nc6 6. c3 Nf6 7. Bd3 Be7 8. Re1 e5 9. h3 O-O 10. Nbd2 b6 11. Nc4 Bb7 12. dxe5 dxe5 13. Bg5 Nh5 14. Bxe7 Qxe7 15. g3 Qf6 16. Ne3 Rfd8 17. Ng4 Qe7 18. Qe2 Rac8 19. Rad1 Nf6 20. Ne3 g6 21. Kg2 Na5 22. Ng4 Nxg4 23. hxg4 Qe6 24. g5 Qe7 25. Qe3 Nc4 26. Bxc4 Rxc4 27. Rxd8+ Qxd8 28. Nd2 Rc7 29. Nf3 Re7 30. Qd2 Rd7 31. Qe2 f6 32. Qc4+ Kg7 33. Qe6 Rd6 34. gxf6+ Qxf6 35. Qxe5 Qxe5 36. Nxe5 Rd2 37. Nc4 Rc2 38. Rd1 Bxe4+ 39. Kg1 b5 40. Nd6 Bc6 41. Rb1 Kf6 42. a3 Ke5 43. Nf7+ Ke4 44. Ng5+ Kd3 45. Nxh7 Rd2 46. Ng5 Kc2 47. Re1 Kxb2 48. Ne4 Rd3 0-1

[Event "December 5 Late 2023"]
[Site "https://www.chess.com"]
[Date "2023.12.05"]
[Round "5"]
[White "Erdogan, Anil Berk"]
[Black "Arnold, Ken"]
[Result "1-0"]
[Board "75"]
[TimeControl "180+1"]
[WhiteFideId "6348173"]
[BlackFideId "2056836"]
[WhiteElo "2576"]
[BlackElo "2436"]
[WhiteTeam "TUR"]
[BlackTeam "USA"]
[WhiteClock "0:00:12"]
[BlackClock "0:00:00"]

1. e4 c6 2. d4 d5 3. exd5 cxd5 4. c4 Nf6 5. Nc3 Nc6 6. Bg5 e6 7. c5 Be7 8. Bb5 Bd7 9. Nge2 h6 10. Bh4 a6 11. Bxc6 Bxc6 12. b4 Ne4 13. Bxe7 Qxe7 14. Nxe4 dxe4 15. O-O O-O 16. Qb3 Rad8 17. Rfd1 Qg5 18. Qe3 f5 19. Qxg5 hxg5 20. a4 Rd7 21. Nc3 Rfd8 22. b5 axb5 23. axb5 Bd5 24. Ra7 Bb3 25. Rb1 Rxd4 26. h4 Bc2 27. Rc1 Bd3 28. Rxb7 Rc4 29. Na2 Ra8 30. c6 Rxc1+ 31. Nxc1 Ra1 32. c7 Rxc1+ 33. Kh2 Kh7 34. b6 f4 35. Ra7 e3 36. fxe3 fxe3 37. b7 e2 38. c8=Q e1=Q 39. Qxc1 Qxc1 40. b8=Q Qf4+ 41. Qxf4 gxf4 42. Rf7 e5 43. Re7 e4 44. Kh3 Kg6 45. Kg4 Bf1 46. Rxe4 Bxg2 47. Rxf4 Kh6 48. Rb4 g6 49. Rb6 Bf1 50. Rd6 Be2+ 51. Kf4 Bc4 52. Rc6 Bd5 53. Rc5 Be6 54. Re5 Bf5 55. Re8 Kg7 56. Kg5 Kf7 57. Rb8 Be4 58. Rc8 Bb1 59. Rc7+ Ke6 60. Rg7 1-0

[Event "December 5 Late 2023"]
[Site "https://www.chess.com"]
[Date "2023.12.05"]
[Round "5"]
[White "Bogaudinov, Rushan"]
[Black "Soderstrom, Adrian"]
[Result "1-0"]
[Board "76"]
[TimeControl "180+1"]
[WhiteFideId "4129288"]
[BlackFideId "1745786"]
[WhiteElo "2435"]
[BlackElo "2575"]
[WhiteTeam "RUS"]
[BlackTeam "SWE"]
[WhiteClock "0:00:11"]
[BlackClock "0:00:06"]

1. d4 d5 2. Nf3 Nf6 3. e3 c5 4. Be2 Nc6 5. O-O e6 6. a3 b6 7. c4 dxc4 8. Bxc4 Be7 9. dxc5 Qxd1 10. Rxd1 Bxc5 11. b4 Be7 12. Bb5 Bb7 13. Ne5 Rc8 14. Bb2 O-O 15. Nd2 Nxe5 16. Bxe5 Rfd8 17. Nb3 Bd5 18. Nd4 Nd7 19. Bg3 Bf6 20. Ba6 Rc3 21. Nb5 Rc4 22. Rac1 Rxc1 23. Rxc1 Be5 24. Rc8 Rxc8 25. Bxc8 Bxg3 26. hxg3 Ne5 27. Nxa7 Nc4 28. a4 Nd6 29. Bd7 Kf8 30. Bc6 Bc4 31. f3 Ke7 32. Kf2 Kd8 33. a5 Kc7 34. Ba4 b5 35. Bc2 Kb7 36. Nxb5 Bxb5 37. Bxh7 g6 38. e4 Kc6 39. Ke3 Kd7 40. Kd4 Bf1 41. Kc5 Bxg2 42. a6 Bxf3 43. e5 Ne4+ 44. Kb6 Nxg3 45. Bg8 Ke7 46. Kc7 g5 47. b5 g4 48. b6 Nf5 49. b7 f6 50. b8=Q fxe5 51. Qd8# 1-0

[Event "December 5 Late 2023"]
[Site "https://www.chess.com"]
[Date "2023.12.05"]
[Round "5"]
[White "Iskusnyh, Sergei"]
[Black "Play, Gilles"]
[Result "1-0"]
[Board "77"]
[TimeControl "180+1"]
[WhiteFideId "4120027"]
[BlackFideId "45130892"]
[WhiteElo "2572"]
[BlackElo "2426"]
[WhiteTeam "RUS"]
[BlackTeam "FRA"]
[WhiteClock "0:00:28"]
[BlackClock "0:00:09"]

1. d4 Nf6 2. c4 d5 3. cxd5 Nxd5 4. e4 Nf6 5. Nc3 e5 6. dxe5 Qxd1+ 7. Nxd1 Nxe4 8. Bd3 Bb4+ 9. Ke2 Nc5 10. Bc2 Ne6 11. Nf3 Nc6 12. Be3 b6 13. a3 Ba6+ 14. Bd3 Bxd3+ 15. Kxd3 O-O-O+ 16. Ke2 Bc5 17. Rc1 Ncd4+ 18. Nxd4 Nxd4+ 19. Bxd4 Rxd4 20. b4 Be7 21. Ne3 Rhd8 22. Rc2 Kb7 23. Rhc1 c5 24. g3 R4d7 25. b5 Bf8 26. Nc4 Rd4 27. f4 f6 28. exf6 gxf6 29. Kf3 f5 30. Re1 Rd3+ 31. Kg2 Rb3 32. a4 Rb4 33. Re6 Rxa4 34. Rf6 Rb4 35. Rf7+ Kb8 36. Ne5 Re8 37. Nc6+ Kc8 38. Nxa7+ Kb8 39. Nc6+ Kc8 40. Ra2 Be7 41. Nxe7+ Kd7 42. Nc6+ Ke6 43. Nxb4 Kxf7 44. Ra7+ Ke6 45. Nc6 c4 46. Ne5 Rc8 47. Rb7 c3 48. Rxb6+ Kd5 49. Nd3 c2 50. Rb7 Kd4 51. Rd7+ Ke3 52. b6 Rb8 53. b7 Rxb7 54. Rxb7 Kxd3 55. Rc7 Kd2 56. g4 fxg4 57. f5 h5 58. f6 h4 59. f7 c1=Q 60. Rxc1 Ke3 61. f8=Q g3 62. Qe7+ Kd4 63. Rd1+ Kc4 64. Qc7+ Kb3 65. Rb1+ Ka2 66. Qc2+ Ka3 67. Rb3+ Ka4 68. Qa2# 1-0

[Event "December 5 Late 2023"]
[Site "https://www.chess.com"]
[Date "2023.12.05"]
[Round "5"]
[White "Lopusiewicz, Piotr"]
[Black "Osmak, Yuliia"]
[Result "0-1"]
[Board "78"]
[TimeControl "180+1"]
[WhiteFideId "1116029"]
[BlackFideId "14101602"]
[WhiteElo "2423"]
[BlackElo "2568"]
[WhiteTeam "POL"]
[BlackTeam "UKR"]
[WhiteClock "0:01:53"]
[BlackClock "0:00:55"]

1. d4 d5 2. c4 e6 3. Nf3 Nf6 4. Nc3 Be7 5. Bf4 O-O 6. e3 Nbd7 7. c5 c6 8. Bd3 Nh5 9. Qc2 g6 10. O-O Nxf4 11. exf4 b6 12. b4 a5 13. a3 Qc7 14. g3 Bf6 15. h4 Ba6 16. Kg2 Bxd3 17. Qxd3 h5 18. Nd2 Ra7 19. Rfc1 Rfa8 20. cxb6 Qxb6 21. Na4 Qxd4 22. Qxd4 Bxd4 23. Rab1 axb4 24. Nb3 Bg7 25. Nac5 Nxc5 26. Nxc5 bxa3 0-1

[Event "December 5 Late 2023"]
[Site "https://www.chess.com"]
[Date "2023.12.05"]
[Round "5"]
[White "Roberson, Peter T"]
[Black "Wu, Sibo"]
[Result "1/2-1/2"]
[Board "79"]
[TimeControl "180+1"]
[WhiteFideId "412384"]
[BlackFideId "8606048"]
[WhiteElo "2561"]
[BlackElo "2418"]
[WhiteTeam "ENG"]
[BlackTeam "CHN"]
[WhiteClock "0:00:34"]
[BlackClock "0:00:10"]

1. d4 d6 2. Nc3 Nf6 3. e4 g6 4. g3 Bg7 5. Bg2 O-O 6. Nge2 c5 7. O-O Bg4 8. f3 Bc8 9. Be3 Nc6 10. Qd2 Nd7 11. d5 Nce5 12. b3 h5 13. h3 f5 14. f4 Nf7 15. exf5 gxf5 16. Rae1 Nf6 17. Bf3 a6 18. a4 Rb8 19. Qd3 Bd7 20. Nb1 b5 21. axb5 axb5 22. Nd2 Qc7 23. Bf2 Ra8 24. Nc1 Rfc8 25. Rxe7 c4 26. bxc4 bxc4 27. Qe2 c3 28. Ndb3 Re8 29. Re3 Rxe3 30. Qxe3 Re8 31. Qb6 Qxb6 32. Bxb6 Bb5 33. Rd1 Nd7 34. Bd4 Bxd4+ 35. Nxd4 Bc4 36. Nxf5 Nf6 37. Ne2 Bxe2 38. Bxe2 Rxe2 39. Ra1 Rxc2 40. Ra8+ Kh7 41. Ra7 Kg6 42. Nh4+ Kg7 43. Nf5+ Kg6 44. Nh4+ Kg7 45. Nf5+ Kg6 1/2-1/2

[Event "December 5 Late 2023"]
[Site "https://www.chess.com"]
[Date "2023.12.05"]
[Round "5"]
[White "Veljanoski, Andrej"]
[Black "Zhou, Qiyu"]
[Result "0-1"]
[Board "80"]
[TimeControl "180+1"]
[WhiteFideId "15003604"]
[BlackFideId "505161"]
[WhiteElo "2559"]
[BlackElo "2417"]
[WhiteTeam "MKD"]
[BlackTeam "CAN"]
[WhiteClock "0:00:00"]
[BlackClock "0:01:07"]

1. Nf3 Nf6 2. b3 d5 3. Bb2 e6 4. c4 c6 5. g3 Bd6 6. Bg2 Qe7 7. O-O O-O 8. d3 e5 9. e4 d4 10. Nbd2 c5 11. Nh4 Bg4 12. f3 Bh5 13. Nf5 Qd7 14. g4 Bg6 15. Qe1 Nc6 16. h4 h5 17. Qg3 Nb4 18. g5 Ne8 19. Bh3 Qc7 20. f4 exf4 21. Qf3 Nc2 22. Rac1 Ne3 23. Rf2 Be5 24. Nf1 Nd6 25. N1xe3 fxe3 26. Rg2 Rae8 27. Kh1 Qc6 28. Qe2 Kh7 29. Rf1 b5 30. cxb5 Nxb5 31. a4 Nd6 32. Kg1 Nxe4 33. dxe4 Qxe4 34. Ng3 Qxh4 35. Nf5 Qxh3 36. Rf3 d3 0-1

[Event "December 5 Late 2023"]
[Site "https://www.chess.com"]
[Date "2023.12.05"]
[Round "5"]
[White "Adamczyk, Zuzanna"]
[Black "aksuliini1"]
[Result "0-1"]
[Board "81"]
[TimeControl "180+1"]
[WhiteFideId "1187570"]
[WhiteElo "2416"]
[BlackElo "2555"]
[WhiteTeam "POL"]
[WhiteClock "0:00:01"]
[BlackClock "0:00:48"]

1. d4 Nf6 2. Nf3 e6 3. g3 d5 4. Bg2 Be7 5. O-O O-O 6. c4 dxc4 7. Qc2 a6 8. a4 Bd7 9. Qxc4 Bc6 10. Nc3 b5 11. Qb3 b4 12. Nb1 Bd5 13. Qd3 Be4 14. Qd1 Nc6 15. Nbd2 Bd5 16. e3 Na5 17. Ne5 Bxg2 18. Kxg2 c5 19. Ndf3 c4 20. Bd2 Qd5 21. Kg1 Ne4 22. Ne1 c3 23. bxc3 bxc3 24. Bc1 Nb3 25. Ba3 Bxa3 26. Rxa3 Nbd2 27. N1d3 Nxf1 28. Qxf1 f6 29. Nf4 Qd6 30. Nc4 Qc6 31. Qd3 Rac8 32. Na5 c2 33. Nxc6 c1=Q+ 34. Kg2 Qxc6 35. d5 exd5 36. Qxd5+ Qxd5 37. Nxd5 Kf7 38. Rb3 Rfd8 39. Rb7+ Kf8 40. Ne7 Rc2 41. Kf3 Nxf2 42. h4 Nd1 43. h5 Rf2+ 44. Kg4 Nxe3+ 45. Kh3 Rd1 46. Kh4 Rh1# 0-1

[Event "December 5 Late 2023"]
[Site "https://www.chess.com"]
[Date "2023.12.05"]
[Round "5"]
[White "Estrada Nieto, Julian"]
[Black "Buchenau, Frank"]
[Result "0-1"]
[Board "82"]
[TimeControl "180+1"]
[WhiteFideId "5101018"]
[BlackFideId "4604350"]
[WhiteElo "2554"]
[BlackElo "2413"]
[WhiteTeam "ESP"]
[BlackTeam "GER"]
[WhiteClock "0:00:11"]
[BlackClock "0:00:10"]

1. e4 e6 2. d4 d5 3. Nd2 c5 4. exd5 Qxd5 5. Ngf3 cxd4 6. Bc4 Qd6 7. O-O Nf6 8. Nb3 Nc6 9. Nbxd4 Nxd4 10. Nxd4 a6 11. c3 Qc7 12. Bb3 Bd6 13. h3 O-O 14. Qf3 e5 15. Nc2 e4 16. Qe2 Re8 17. Bg5 Bh2+ 18. Kh1 Be5 19. Ne3 Be6 20. Bxf6 Bxf6 21. Ng4 Bg5 22. Rfe1 Bxb3 23. axb3 Rad8 24. Rad1 f5 25. Ne3 Bxe3 26. fxe3 b5 27. b4 Qc4 28. Qh5 g6 29. Qg5 Rd3 30. Ra1 Qe6 31. Re2 Red8 32. h4 Qe5 33. g3 Rd1+ 34. Rxd1 Rxd1+ 35. Kg2 Kg7 36. h5 Qf6 37. h6+ Kf7 38. Qf4 Qd6 39. Qh4 Rd2 40. Rxd2 Qxd2+ 41. Kh3 Qxe3 42. Qd8 Qxh6+ 43. Kg2 Qf8 44. Qd7+ Qe7 45. Qd5+ Qe6 46. Qb7+ Kf6 47. Qb8 e3 48. Qh8+ Kg5 49. Qd8+ Kh6 50. Qh4+ Kg7 51. Qd4+ Kf7 52. Qa7+ Kg8 53. Kf1 e2+ 54. Ke1 Qe4 55. Qb8+ Kg7 56. Qc7+ Kh6 57. Qb8 Qe3 58. Qf8+ Kg5 59. Qd8+ Kg4 60. Qh4+ Kf3 61. Qh1+ Kxg3 62. b3 Qf2+ 63. Kd2 e1=Q+ 64. Kd3 Qxh1 65. c4 Qe4+ 66. Kc3 Qfc2# 0-1

[Event "December 5 Late 2023"]
[Site "https://www.chess.com"]
[Date "2023.12.05"]
[Round "5"]
[White "Hoffmann, Asa"]
[Black "Przybylski, Wojciech"]
[Result "0-1"]
[Board "83"]
[TimeControl "180+1"]
[WhiteFideId "2001470"]
[BlackFideId "1117599"]
[WhiteElo "2414"]
[BlackElo "2550"]
[WhiteTeam "USA"]
[BlackTeam "POL"]
[WhiteClock "0:00:38"]
[BlackClock "0:00:07"]

1. d4 d5 2. Bg5 h6 3. Bh4 Nf6 4. Nd2 Bf5 5. f3 c6 6. c3 Nbd7 7. Qb3 Qc8 8. e3 e6 9. Rc1 b5 10. Be2 Bd6 11. Bg3 Bxg3+ 12. hxg3 Qc7 13. Nf1 Nb6 14. Qd1 e5 15. dxe5 Qxe5 16. Qd4 Qe7 17. Bd3 Bxd3 18. Qxd3 Nc4 19. b3 Ne5 20. Qd2 O-O 21. Ne2 c5 22. Nf4 Rad8 23. Kf2 Rfe8 24. Re1 a5 25. Qc2 b4 26. cxb4 axb4 27. g4 Ra8 28. Re2 c4 29. bxc4 dxc4 30. Ng3 Nexg4+ 31. fxg4 Nxg4+ 32. Kg1 Nxe3 33. Qc1 Qc5 34. Kh2 Ng4+ 35. Kh3 Rxe2 36. Ngxe2 Nf2+ 37. Kg3 Nxh1+ 38. Qxh1 Ra3+ 39. Kh2 Qe5 40. g3 Rxa2 41. Qf3 b3 42. Kh3 b2 43. Nc3 Ra3 44. Qe2 Qxe2 45. Nfxe2 Ra1 46. Kg4 b1=Q 47. Nxb1 Rxb1 48. Nc3 Rb3 49. Ne4 g6 50. Kf4 Kg7 51. Ke5 Rd3 52. Nc5 Rxg3 53. Kd4 Rg4+ 54. Kc3 h5 55. Nd7 f5 56. Ne5 Kh7 57. Nxg4 fxg4 0-1

[Event "December 5 Late 2023"]
[Site "https://www.chess.com"]
[Date "2023.12.05"]
[Round "5"]
[White "Bijaoui, Manuel"]
[Black "Coca, Cristi-Iulian"]
[Result "1-0"]
[Board "84"]
[TimeControl "180+1"]
[WhiteFideId "626783"]
[BlackFideId "1237004"]
[WhiteElo "2550"]
[BlackElo "2475"]
[WhiteTeam "FRA"]
[BlackTeam "ROU"]
[WhiteClock "0:00:21"]
[BlackClock "0:00:42"]

1. e4 c5 2. Nf3 e6 3. d4 cxd4 4. Nxd4 a6 5. Bd3 b5 6. O-O Bb7 7. a4 b4 8. Qe2 Bc5 9. Nb3 Be7 10. Be3 Nf6 11. N1d2 Nc6 12. Nc5 Qc7 13. Nxb7 Qxb7 14. f4 O-O 15. Kh1 Rfc8 16. a5 d6 17. Nc4 Nd7 18. e5 d5 19. Nb6 Nxb6 20. Bxb6 g6 21. f5 exf5 22. e6 f6 23. Bxf5 gxf5 24. Rxf5 Ne5 25. Bd4 Ng6 26. Bxf6 Bxf6 27. Rxf6 Re8 28. Raf1 Qe7 29. Qd3 Qg7 30. Qxd5 Ne7 31. Qe4 Rf8 32. Rf7 Qxb2 33. h4 Rae8 34. Qxh7# 1-0

[Event "December 5 Late 2023"]
[Site "https://www.chess.com"]
[Date "2023.12.05"]
[Round "5"]
[White "Haszon, David"]
[Black "Kashefi, Amir Hosein"]
[Result "0-1"]
[Board "85"]
[TimeControl "180+1"]
[WhiteFideId "733610"]
[BlackFideId "12557935"]
[WhiteElo "2406"]
[BlackElo "2538"]
[WhiteTeam "HUN"]
[BlackTeam "IRI"]
[WhiteClock "0:00:00"]
[BlackClock "0:01:28"]

1. e4 c6 2. d4 d5 3. f3 dxe4 4. fxe4 e5 5. Nf3 Be6 6. Nc3 Nd7 7. d5 Bg4 8. h3 Bxf3 9. Qxf3 Ngf6 10. dxc6 bxc6 11. Bc4 Qa5 12. Bd2 Bb4 13. g4 O-O 14. g5 Ne8 15. h4 Nd6 16. Bb3 Nc5 17. O-O-O Nxb3+ 18. cxb3 Nb5 19. Nxb5 Bxd2+ 20. Rxd2 cxb5 21. Rc2 Qxa2 22. Rc3 Rad8 23. Rd1 Rd4 24. Rxd4 exd4 25. Rc7 a5 26. h5 a4 27. bxa4 Qa1+ 28. Kd2 Qxa4 29. Qf4 Qb4+ 30. Kd3 Qxb2 31. h6 Qb3+ 32. Kd2 Ra8 33. Ra7 Qb4+ 34. Kd1 Rxa7 35. Qb8+ Qf8 36. Qxa7 gxh6 37. Qxd4 hxg5 38. Qf6 Qc5 39. e5 Qd5+ 40. Kc1 h6 41. Kb1 b4 42. Qf5 b3 43. Qc8+ Kg7 44. Qf5 Qc6 45. e6 Qxe6 46. Qf2 Qg6+ 47. Ka1 Qa6+ 48. Kb1 Qa2+ 49. Kc1 Qxf2 0-1